 Dungeon Crawl Stone Soup version 0.21-a0-171-g0f4a3b6 (webtiles) character file.

54 namelastname112 the Skirmisher (level 3, 0/37 HPs)
             Began as a Draconian Wanderer on Aug 7, 2017.
             Was a Follower of Qazlal.
             Slain by an adder (5 damage)
             ... on level 2 of the Dungeon.
             The game lasted 00:01:52 (851 turns).

namelastname112 the Skirmisher (Draconian Wanderer)  Turns: 851, Time: 00:01:53

Health: 0/37       AC:  5    Str: 15    XL:     3   Next: 66%
Magic:  3/3        EV: 12    Int: 13    God:    Qazlal [*.....]
Gold:   42         SH:  1    Dex:  9    Spells: 2/2 levels left

rFire    . . .     SeeInvis .   a - +2 quarterstaff
rCold    . . .     Gourm    .   (shield currently unavailable)
rNeg     + . .     Faith    .   (armour unavailable)
rPois    .         Spirit   .   (helmet restricted)
rElec    .         Reflect  .   (no cloak)
rCorr    .         Harm     .   (no gloves)
MR       .....                  (no boots)
Stlth    ++........             (no amulet)
HPRegen  0.12/turn              k - ring of positive energy
MPRegen  0.08/turn              (no ring)

@: lethally poisoned (0 -> -1)
A: unfitting armour, cold-blooded, AC +5
a: Renounce Religion


You were on level 2 of the Dungeon.
You worshipped Qazlal.
Qazlal was aware of your devotion.
You were not hungry.

You visited 1 branch of the dungeon, and saw 2 of its levels.

You collected 42 gold pieces.

Inventory:

Hand Weapons
 a - a +2 quarterstaff (weapon)
 d - a +0 dagger
Jewellery
 k - a ring of positive energy (left hand)
Scrolls
 c - a scroll of teleportation
 e - 2 scrolls of identify {unknown}
 l - a scroll of immolation {unknown}
 o - a scroll of blinking {unknown}
Potions
 g - a potion of haste {unknown}
 i - a potion of might {unknown}
 m - a potion of agility {unknown}
 n - a potion of heal wounds {unknown}
Comestibles
 f - a bread ration
 h - a meat ration
 j - a royal jelly


   Skills:
 + Level 6.0 Fighting
 * Level 1.4 Staves
   Level 1.0 Crossbows
 - Level 1.0 Throwing
 + Level 1.9 Dodging
 - Level 1.7 Stealth
 + Level 0.0 Invocations


You had 2 spell levels left.
You didn't know any spells.

Dungeon Overview and Level Annotations

Branches:
Dungeon (2/15)

Altars:
Qazlal


Innate Abilities, Weirdness & Mutations

Your plain brown scales are hard. (AC +5)
You cannot fit into any form of body armour.
You are cold-blooded and may be slowed by cold attacks.


Message History

The adder is lightly wounded.
You feel sick.
The adder bites you but does no damage. x2
You miss the adder.
Your tail-slap misses the adder.
The adder bites you but does no damage.
You miss the adder.
You feel sick. The adder closely misses you. The rat misses you.
The adder barely misses you. The rat barely misses you.
You take 1 damage, and have 10/37 hp.
You closely miss the adder. The adder closely misses you. The rat bites you.
* * * LOW HITPOINT WARNING * * *
You take 3 damage, and have 7/37 hp.
You completely miss the adder.
Your tail-slap misses the adder.
The adder bites you.
* * * LOW HITPOINT WARNING * * *
The adder closely misses you. The rat bites you but does no damage.
You take 1 damage, and have 6/37 hp.
You hit the adder.
The adder is lightly wounded.
You feel sick. The adder barely misses you.
The rat bites you but does no damage. The adder bites you.
You die...

...#..#### ##)#.....#
....... #.#.###.#
....... #....##.###
....... ##..#..#...##
....... #..###...#..#
....... #.## ##..##.#
.[.....
#..##+....(.#####r......
#...#..P..#..#gS@.......
##.....≈..##.#g#########
##....P(P.##...##
#...⌠.(..(#.....#
.....(......###.#
#)...(..##### .#
......### .? ##..### #..
#..# ##.


You could see an adder, 2 goblins and a rat.

Vanquished Creatures
  An adder (D:2)
  A worm (D:2)
  3 dart slugs
  A leopard gecko (D:2)
  3 giant cockroaches (D:1)
  7 hobgoblins
  2 jackals (D:1)
  5 bats
  2 frilled lizards
  3 goblins (D:1)
  3 kobolds
  3 rats (D:1)
34 creatures vanquished.

Notes
Turn   | Place    | Note
-------+----------+-------------------------------------------
     0 | D:1      | namelastname112 the Draconian Wanderer began the quest for the Orb.
     0 | D:1      | namelastname112 set off with: a +2 quarterstaff, a potion of curing, a scroll of teleportation, a +0 dagger, a bread ration
     0 | D:1      | Reached XP level 1. HP: 23/23 MP: 1/1
    81 | D:1      | Reached skill level 1 in Dodging
   145 | D:1      | Reached XP level 2. HP: 25/30 MP: 2/2
   489 | D:1      | Reached XP level 3. HP: 29/37 MP: 3/3
   681 | D:1      | Reached skill level 6 in Fighting
   708 | D:2      | Found a faded altar of an unknown god.
   748 | D:2      | Became a worshipper of Qazlal Stormbringer
   748 | D:2      | Reached * piety under Qazlal
   851 | D:2      | Slain by an adder

Vault maps used:
D:1:      minmay_arrival_four_houses
D:2:      tso_oasis_becter, lemuel_doored_altar,
          chequers_ecumenical_altar_island, minivault_26, uniq_robin

Skill      XL: |  1  2  3 |
---------------+----------+-----
Dodging        | 1 |  1.9
Fighting       | 6 |  6.0
Staves         | |  1.4
Crossbows      | |  1.0
Throwing       | |  1.0
Stealth        | |  1.7

Action                   || total
-------------------------++-------
Melee: Quarterstaff      ||    99
       Tailslap          ||     6
  Use: Potion            ||     1
 Stab: Sleeping          ||     2
Armor: Skin              ||    54
Dodge: Dodged            ||    81
